 Dungeon Crawl Stone Soup version 0.29-a0-582-ge82337ba6a (webtiles) character file.

Game seed: 10249648643861235581

11 Patoropollo the Shooter (level 2, 26/26 HPs)
             Began as a Meteoran Hunter on June 14, 2022.
             Quit the game on level 1 of the Dungeon.
             The game lasted 00:01:43 (201 turns).

Patoropollo the Shooter (Meteoran Hunter)            Turns: 201, Time: 00:01:43

Health: 26/26      AC:  1    Str: 12    XL:     2   Next: 58%
Magic:  3/3        EV: 13    Int: 10    God:
Gold:   13         SH:  0    Dex: 17    Spells: 1/1 levels left

rFire   . . .      SeeInvis .   a - +1 shortbow
rCold   . . .      Faith    .   (shield currently unavailable)
rNeg    . . .      Spirit   .   (no body armour)
rPois   .          Reflect  .   (no helmet)
rElec   .          Harm     .   (no cloak)
rCorr   .          Rampage  .   (no gloves)
Will    .....                   b - +0 pair of boots
Stlth   +.........              (no amulet)
HPRegen 0.08/turn               (no ring)
MPRegen 0.08/turn               (no ring)

@: glowing
A: sense surroundings 1, otherworldly, glowing, explore regen
a: no special abilities


You were on level 1 of the Dungeon.
You visited 1 branch of the dungeon, and saw 1 of its levels.

You collected 13 gold pieces.

Inventory:

Hand Weapons
 a - a +1 shortbow (weapon)
Armour
 b - a +0 pair of boots (worn)
Scrolls
 c - a scroll of immolation
 f - a scroll of identify {unknown}
 g - a scroll of noise {unknown}
Potions
 d - a potion of curing {unknown}
 e - a potion of flight {unknown}


   Skills:
 + Level 3.0 Fighting
 - Level 4.3 Bows
 - Level 2.4 Dodging
 - Level 1.0 Stealth


You had one spell level left.
You didn't know any spells.
Your spell library was empty.

Dungeon Overview and Level Annotations

Branches:
Dungeon (1/15)

Altars:

Shops:
D:1 (


Innate Abilities, Weirdness & Mutations

You passively map a small area around you.
You are easily found by Zot.
You glow in the dark.
You regain HP and MP as you explore.


Message History

No target in view!
A rat and a quokka come into view.
Found a scroll labelled KOROFA AS VIWI.
Found a stone staircase leading down.
You see here a purple potion.
There are monsters nearby!
There are monsters nearby!
You shoot an arrow. The arrow hits the quokka.
The quokka is lightly wounded.
You shoot an arrow. The arrow hits the quokka.
The quokka is severely wounded.
You shoot an arrow. The arrow hits the quokka!
You kill the quokka!
Your Fighting skill increases to level 3!
You shoot an arrow. The arrow hits the rat!
You kill the rat!
No target in view!
No target in view!
No target in view!
No target in view!
e - a purple potion
f - a scroll labelled KOROFA AS VIWI A giant cockroach comes into view.
The giant cockroach moves out of view.
Found Zutiefoc's Weapon Shop.
A giant cockroach is nearby!
You shoot an arrow.
The arrow closely misses the giant cockroach.
You shoot an arrow. The arrow hits the giant cockroach.
The giant cockroach is moderately wounded.
You shoot an arrow. The arrow hits the giant cockroach!
You kill the giant cockroach!
No target in view!
No target in view!
No target in view!
Found a human corpse and a dagger.
g - a scroll labelled CELUCYFYDU
There is an entrance to Zutiefoc's Weapon Shop here.
A rat comes into view.
Found 6 gold pieces.
Are you sure you want to abandon this character and quit the game? (Confirm with "yes".)

######..#########....†#
#..######.........
#................. *
#.#######......... #.#
##.....#.. * * #.#
#........ #.######
#.#...... #......#
#.#####.. * **#@..##.#
####.. ..$..r..#.#
...... .######...#* * *
* ####. ##.##
*######... .. .........
, , ,* *###* #####... ,
* * * ###. #. , #.
##.####### ##


You could see a rat.

Vanquished Creatures
  An endoplasm (D:1)
  2 giant cockroaches (D:1)
  A kobold (D:1)
  A quokka (D:1)
  3 frilled lizards (D:1)
  4 rats (D:1)
12 creatures vanquished.

Notes
Turn   | Place    | Note
-------+----------+-------------------------------------------
     0 | D:1      | Patoropollo the Meteoran Hunter began the quest for the
                  | Orb.
     0 | D:1      | Reached XP level 1. HP: 17/17 MP: 2/2
    91 | D:1      | Reached skill level 1 in Stealth
    94 | D:1      | Reached XP level 2. HP: 21/25 MP: 3/3
   165 | D:1      | Found Zutiefoc's Weapon Shop.
   201 | D:1      | Quit the game

Illustrated notes

Levels and vault maps discovered:
D:1:      lemuel_arrival_river_bridge, layout_loops_ring,
          hellmonk_ecumenical_altar_inner_sanctum, serial_shops,
          nicolae_shop_bloodbath_and_beyond, due_unseen_surprise

Skill      XL: |  1  2 |
---------------+-------+-----
Stealth        | 1 |  1.0
Fighting       | 3 |  3.0
Bows           | |  4.3
Dodging        | |  2.4

Action                   || total
-------------------------++-------
 Fire: Shortbow          ||    20

Table legend: (Time is in decaauts)
 A = Elapsed time spent in this place.
 B = Non-inter-level travel time spent in this place.
 C = Inter-level travel time spent in this place.
 D = Time resting spent in this place.
 E = Time spent auto-exploring this place.
 F = Levels seen in this place.
 G = Mean time per level.
                   A        B        C        D        E       F      G
               +--------+--------+--------+--------+--------+-----+--------+
         Total |    206 |    206 |      0 |      0 |    141 |   1 |  206.0 |
       Dungeon |    206 |    206 |      0 |      0 |    141 |   1 |  206.0 |
               +--------+--------+--------+--------+--------+-----+--------+

Top non-repeatable levels by time:
     D:1: 206 daAuts
